 Dungeon Crawl Stone Soup version 0.21.1-1-g345015fe64 (webtiles) character file.

28352 Kholdaimon the Severer (level 13, -6/113 HPs)
             Began as a Minotaur Fighter on June 23, 2018.
             Was a High Priest of the Shining One.
             Killed from afar by Azrael (35 damage)
             ... with damnation
             ... on level 13 of the Dungeon.
             The game lasted 01:39:00 (11692 turns).

Kholdaimon the Severer (Minotaur Fighter)          Turns: 11692, Time: 01:39:00

Health: -6/113     AC: 14    Str: 26    XL:     13   Next: 9%
Magic:  13/25      EV:  8    Int: 13    God:    the Shining One [*****.]
Gold:   854        SH: 22    Dex:  9    Spells: 4/12 levels left

rFire    + + .     SeeInvis .   a - +1 war axe
rCold    + . .     Gourm    .   c - +0 shield
rNeg     + + .     Faith    .   x - +1 chain mail {rF+}
rPois    +         Spirit   .   (helmet restricted)
rElec    +         Reflect  .   (no cloak)
rCorr    +         Harm     .   y - +0 pair of gloves
MR       .....                  (no boots)
Stlth    ..........             K - amulet "Yheifuol" {Regen+ Int+4}
HPRegen  0.68/turn              m - +3 ring of strength
MPRegen  0.19/turn              U - ring of magical power

@: lethally poisoned (-6 -> -6), divine shield, resistant, glowing
A: retaliatory headbutt, horns 2
a: Divine Shield, Cleansing Flame, Summon Divine Warrior, Renounce Religion


You were on level 13 of the Dungeon.
You worshipped the Shining One.
The Shining One was extremely pleased with you.
You were not hungry.

You visited 1 branch of the dungeon, and saw 14 of its levels.

You collected 854 gold pieces.

Inventory:

Hand Weapons
 a - a +1 war axe (weapon)
 e - a +0 hunting sling
 g - a +1 dagger of electrocution
 l - a +2 dagger of holy wrath
 C - a +0 flail
 S - a +0 hand crossbow
Missiles
 h - 311 stones
 q - 19 tomahawks (quivered)
 v - 62 bolts
 D - 115 sling bullets
 N - 4 javelins
 Q - 27 poisoned needles
 W - 4 throwing nets
Armour
 c - a +0 shield (worn)
 x - a +1 chain mail of fire resistance (worn)
 y - a +0 pair of gloves (worn)
Jewellery
 m - a +3 ring of strength (left hand)
 B - an uncursed amulet of guardian spirit {unknown}
 I - an uncursed ring of flight
 K - the amulet "Yheifuol" (around neck) {Regen+ Int+4}
   (You found it on level 6 of the Dungeon)

   [amulet of regeneration]

   It affects your intelligence (+4).
   It increases your rate of regeneration.
 U - a ring of magical power (right hand)
Wands
 w - a wand of disintegration (16)
 O - a wand of iceblast (26)
 R - a wand of flame (85)
Scrolls
 b - 2 scrolls of amnesia
 j - 4 scrolls of teleportation
 o - a scroll of enchant weapon
 t - 6 scrolls of remove curse
 E - 2 scrolls of blinking
 G - a scroll of magic mapping
 H - 2 scrolls of fear
 V - a scroll of vulnerability {unknown}
 X - a scroll of enchant armour {unknown}
 Y - 2 scrolls of fog
 Z - a scroll of random uselessness {unknown}
Potions
 d - 3 potions of might
 i - a potion of flight
 k - 2 potions of cancellation
 n - 5 potions of ambrosia
 p - 7 potions of haste
 r - 8 potions of curing
 s - 3 potions of resistance
 u - 2 potions of agility
 z - 2 potions of brilliance
 A - a potion of magic
 J - 2 potions of lignification
 L - a potion of berserk rage
 T - a potion of mutation {unknown}
Comestibles
 f - 30 rations
 M - 5 chunks of flesh


   Skills:
 + Level 10.2 Fighting
 - Level 16.0 Axes
 + Level 10.2 Armour
 - Level 15.0 Shields
 + Level 5.8 Invocations


You had 4 spell levels left.
You knew the following spells:

 Your Spells              Type           Power        Failure   Level  Hunger
a - Summon Lightning Spi  Summ/Air       #.......     100%        4    #####..
b - Swiftness             Chrm/Air       #.......     91%         2    ###....
c - Blink                 Tloc           N/A          91%         2    ###....


Dungeon Overview and Level Annotations

Branches:
Dungeon (14/15)            Temple (0/1) D:7            Lair (0/6) D:11
    Orc (0/2) D:9          Vaults (0/5) D:14

Altars:
Cheibriados
Dithmenos
Fedhas
Hepliaklqana
Makhleb
Okawaru
Qazlal
Ru
Sif Muna
Xom
Yredelemnul
Zin
The Shining One

Annotations:
D:5 exclusion: downstairs
D:6 kaisn's ghost, novice TrBe
D:8 2 transporters
D:13 Azrael
D:14 Urug


Innate Abilities, Weirdness & Mutations

You reflexively headbutt those who attack you in melee.
You have a pair of horns on your head.


Message History

Azrael burns you.
You hit Azrael. Your headbutt misses Azrael.
Azrael is moderately wounded.
You block Azrael's attack.
You slash Azrael!
Azrael is moderately wounded.
You slash Azrael! You headbutt Azrael, but do no damage.
Azrael is heavily wounded.
You feel sick.
Azrael hits you with a scimitar of flaming.
Azrael burns you.
You feel protected. Azrael gestures at you.
The sphere of damnation explodes!
The damnation engulfs you!
* * * LOW HITPOINT WARNING * * *
The damnation engulfs Azrael.
Azrael completely resists.
You feel much better. Azrael gestures at you.
The sphere of damnation explodes!
The damnation engulfs you!
You die...

#... ##.. ..### # .
...## ..# ...
#...### ..# #..
#.....##..# #
#..........
#.......# ##......##
#†.@.....#
......R..#...##
......####....##
.<.### ##.....# ..
#......## .
#...#...###
#..##.......
.#######..##.......
#..........#........


You could see Azrael.

Vanquished Creatures
  Agnes (D:14)
  Harold (D:11)
  5 centaur warriors
  3 two-headed ogres
  4 skeletal warriors (D:12)
  An unseen horror (D:13)
  A deep elf mage (D:13)
  5 ugly things
  A cyclops (D:12)
  A centaur zombie (D:12)
  Joseph (D:8)
  A kobold demonologist (D:12)
  A komodo dragon (D:11)
  4 trolls
  Prince Ribbit (D:8)
  4 slime creatures (D:12)
  A hornet (D:12)
  2 wraiths (D:14)
  A shadow (D:10)
  3 wyverns
  8 yaks
  A fire elemental (D:13)
  2 hungry ghosts
  3 wargs (D:9)
  4 hell hounds (D:13)
  A water moccasin (shapeshifter) (D:13)
  A water moccasin (D:9)
  3 ice beasts
  5 orc warriors
  4 sky beasts
  3 necrophages (D:9)
  An eye of draining (D:14)
  2 black bears
  3 phantoms
  7 ogres
  20 centaurs
  A crocodile (D:9)
  2 big kobolds
  13 bullfrogs
  A wyvern zombie (D:14)
  4 scorpions
  3 wights (D:9)
  9 killer bees
  A bullfrog zombie (D:10)
  9 crimson imps
  2 bullfrog skeletons
  3 centaur skeletons
  11 orc priests
  4 hounds
  3 human zombies (D:9)
  2 jellies
  3 iguanas
  22 orc wizards
  A human skeleton (D:9)
  7 worker ants
  An ogre zombie (D:9)
  3 hound skeletons
  A howler monkey zombie (D:8)
  Robin (D:2)
  A mummy (D:9)
  10 gnolls
  17 adders
  5 shadow imps
  An ooze (D:1)
  2 adder skeletons (D:9)
  3 worms
  3 dart slugs
  9 leopard geckos
  85 orcs
  2 ball pythons
  5 bats
  10 giant cockroaches
  18 goblins
  13 hobgoblins
  16 jackals
  4 quokkas
  6 frilled lizards
  A jackal skeleton (D:6)
  14 kobolds
  An orc skeleton (D:9)
  12 rats
455 creatures vanquished.

Vanquished Creatures (others)
  8 plants (D:11)
8 creatures vanquished.

Grand Total: 463 creatures vanquished

Notes
Turn   | Place    | Note
-------+----------+-------------------------------------------
     0 | D:1      | Kholdaimon the Minotaur Fighter began the quest for the Orb.
     0 | D:1      | Reached XP level 1. HP: 19/19 MP: 0/0
    78 | D:1      | Reached XP level 2. HP: 25/27 MP: 1/1
   251 | D:1      | Reached skill level 3 in Axes
   276 | D:1      | Reached XP level 3. HP: 23/33 MP: 2/2
   912 | D:2      | Reached XP level 4. HP: 24/40 MP: 3/3
  1190 | D:2      | Found a snail-covered altar of Cheibriados.
  1484 | D:2      | Reached skill level 4 in Axes
  1484 | D:2      | Reached XP level 5. HP: 32/47 MP: 4/4
  1660 | D:2      | Noticed Robin
  1668 | D:2      | Killed Robin
  1668 | D:2      | Reached skill level 5 in Shields
  2680 | D:3      | Found a shimmering altar of Xom.
  2922 | D:4      | Noticed a phantom
  2949 | D:4      | Killed a phantom
  2949 | D:4      | Reached XP level 6. HP: 49/55 MP: 5/5
  3025 | D:4      | Reached skill level 11 in Axes
  3025 | D:4      | Reached XP level 7. HP: 60/60 MP: 6/6
  3080 | D:4      | Found a glowing golden altar of the Shining One.
  3094 | D:4      | Became a worshipper of the Shining One
  3288 | D:4      | Reached skill level 5 in Armour
  3327 | D:4      | Reached skill level 5 in Fighting
  3409 | D:4      | Reached XP level 8. HP: 68/68 MP: 7/7
  3504 | D:4      | Learned a level 4 spell: Summon Lightning Spire
  3821 | D:5      | Entered Level 5 of the Dungeon
  3875 | D:5      | Reached * piety under the Shining One
  4248 | D:5      | Found a sacrificial altar of Ru.
  4248 | D:5      | Found a burning altar of Makhleb.
  4286 | D:5      | Found an iron altar of Okawaru.
  4490 | D:6      | Noticed kaisn's ghost (novice TrBe)
  4809 | D:6      | Reached skill level 12 in Axes
  4916 | D:6      | Reached XP level 9. HP: 74/74 MP: 8/8
  5271 | D:6      | Got a warped platinum amulet
  5755 | D:7      | Identified the amulet "Yheifuol" {Regen+ Int+4} (You found it on level 6 of the Dungeon)
  5891 | D:7      | Reached ** piety under the Shining One
  5915 | D:7      | Found a staircase to the Ecumenical Temple.
  5998 | D:7      | Found a shadowy altar of Dithmenos.
  6048 | D:7      | Reached XP level 10. HP: 84/84 MP: 9/9
  6376 | D:8      | Noticed Joseph
  6389 | D:8      | Killed Joseph
  6482 | D:8      | Reached skill level 13 in Axes
  6549 | D:8      | Noticed a centaur warrior
  6552 | D:8      | Noticed a two-headed ogre
  6552 | D:8      | Reached *** piety under the Shining One
  6553 | D:8      | Noticed a brown ugly thing
  6553 | D:8      | Found a transporter.
  6560 | D:8      | Found a transporter.
  6569 | D:8      | Found a hazy altar of Hepliaklqana.
  6616 | D:8      | Noticed Prince Ribbit
  6632 | D:8      | Killed Prince Ribbit
  6821 | D:9      | Found a blossoming altar of Fedhas.
  6821 | D:9      | Found a stormy altar of Qazlal.
  7073 | D:9      | Found a staircase to the Orcish Mines.
  7332 | D:9      | Found a deep blue altar of Sif Muna.
  7332 | D:9      | Found a glowing silver altar of Zin.
  7503 | D:9      | Found a basalt altar of Yredelemnul.
  7529 | D:9      | Reached **** piety under the Shining One
  7868 | D:10     | Entered Level 10 of the Dungeon
  7949 | D:10     | Reached XP level 11. HP: 71/92 MP: 10/10
  7973 | D:10     | Noticed a two-headed ogre
  7978 | D:10     | Killed a two-headed ogre
  7978 | D:10     | Reached skill level 1 in Invocations
  8375 | D:11     | Noticed a two-headed ogre
  8387 | D:11     | Killed a two-headed ogre
  8832 | D:11     | Noticed a white ugly thing
  8846 | D:11     | Killed a white ugly thing
  8846 | D:11     | Reached skill level 14 in Axes
  8940 | D:11     | Found a staircase to the Lair.
  9150 | D:11     | Noticed Harold
  9166 | D:11     | Killed Harold
  9330 | D:12     | Noticed a green ugly thing
  9349 | D:12     | Killed a green ugly thing
  9423 | D:12     | Noticed a skeletal warrior
  9441 | D:12     | Killed a skeletal warrior
  9450 | D:12     | Noticed a skeletal warrior
  9466 | D:12     | Killed a skeletal warrior
  9507 | D:12     | Noticed a skeletal warrior
  9515 | D:12     | Killed a skeletal warrior
  9542 | D:12     | Noticed a skeletal warrior
  9555 | D:12     | Killed a skeletal warrior
  9616 | D:12     | Found a labyrinth entrance.
  9840 | D:12     | Reached ***** piety under the Shining One
  9840 | D:12     | Reached XP level 12. HP: 103/103 MP: 13/13
 10106 | D:12     | You fall through a shaft for 2 floors!
 10220 | D:14     | Learned a level 2 spell: Swiftness
 10225 | D:14     | Learned a level 2 spell: Blink
 10302 | D:14     | Found a gate to the Vaults.
 10302 | D:14     | Noticed a centaur warrior
 10302 | D:14     | Noticed a vault guard
 10302 | D:14     | Noticed a vault guard
 10302 | D:14     | Noticed a vault guard
 10302 | D:14     | Noticed a vault guard
 10302 | D:14     | Noticed a centaur warrior
 10313 | D:14     | Noticed Urug
 10317 | D:14     | Noticed a centaur warrior
 10325 | D:14     | Killed a centaur warrior
 10325 | D:14     | Reached skill level 15 in Shields
 10356 | D:14     | Reached skill level 15 in Axes
 10727 | D:14     | Killed a centaur warrior
 10832 | D:14     | Noticed Agnes
 10856 | D:14     | Killed Agnes
 10908 | D:13     | Noticed a centaur warrior
 10915 | D:13     | Killed a centaur warrior
 10935 | D:13     | Noticed a centaur warrior
 10943 | D:13     | Killed a centaur warrior
 10943 | D:13     | Reached skill level 5 in Invocations
 11083 | D:13     | Noticed a centaur warrior
 11101 | D:13     | Killed a centaur warrior
 11219 | D:12     | Noticed a two-headed ogre
 11226 | D:12     | Killed a two-headed ogre
 11258 | D:12     | Reached skill level 10 in Armour
 11375 | D:13     | Reached skill level 10 in Fighting
 11496 | D:13     | Reached XP level 13. HP: 85/113 MP: 16/16
 11593 | D:13     | Reached skill level 16 in Axes
 11672 | D:13     | Noticed Azrael
 11691 | D:13     | HP: 3/113 [Azrael/damnation (34)]
 11692 | D:13     | Killed from afar by Azrael

Skill      XL: |  1  2  3  4  5  6  7  8  9 10 11 12 13 |
---------------+----------------------------------------+-----
Armour         | 4 5 6 7 8 10 | 10.2
Shields        | 4 5 11 12 13 14 15 | 15.0
Fighting       | 4 5 6 7 8 10 | 10.2
Axes           | 3 4 11 12 13 14 15 16 | 16.0
Invocations    | 3 5 |  5.8

Action                   |  1- 3 |  4- 6 |  7- 9 | 10-12 | 13-15 || total
-------------------------+-------+-------+-------+-------+-------++-------
Melee: War axe           |    80 |   169 |   304 |   717 |    38 ||  1308
       Headbutt          |     9 |    23 |    48 |   149 |     7 ||   236
       Dagger            |       |       |     6 |       |       ||     6
 Fire: Hand crossbow     |       |       |       |     1 |       ||     1
Invok: Divine Shield     |       |       |       |     5 |     3 ||     8
       Cleansing Flame   |       |       |       |       |     1 ||     1
  Use: Scroll            |       |     9 |     3 |    11 |     3 ||    26
       Potion            |       |     1 |       |       |     2 ||     3
  Eat: Chunk             |       |     7 |    11 |    19 |     1 ||    38
Armor: Scale mail        |    30 |    79 |     5 |       |       ||   114
       Chain mail        |       |       |    22 |    35 |    22 ||    79
       Plate armour      |       |       |    56 |   133 |       ||   189
Dodge: Dodged            |    23 |    47 |    41 |    75 |    11 ||   197
Block: Shield            |    31 |    90 |   138 |   380 |    45 ||   684
